 Dungeon Crawl Stone Soup version 0.29.1-15-g9cfb28693d (webtiles) character file.

Game seed: 8567829185993526511

2761 leafyfresh the Covert (level 9, -8/66 HPs)
             Began as an Octopode Delver on Apr 3, 2023.
             Was an Initiate of Ashenzari.
             Killed from afar by an acid dragon (28 damage)
             ... with a splash of acid
             ... on level 8 of the Dungeon.
             The game lasted 00:09:31 (8797 turns).

leafyfresh the Covert (Octopode Delver)             Turns: 8797, Time: 00:09:31

Health: -8/66      AC: -3    Str: 11    XL:     9   Next: 69%
Magic:  9/9        EV: 16    Int: 17    God:    Ashenzari [......]
Gold:   421        SH:  0    Dex: 13    Spells: 8/8 levels left

rFire   . . .      SeeInvis .   t - +2 dagger (drain)
rCold   . . .      Faith    .   (no shield)
rNeg    . . .      Spirit   .   (helmet restricted)
rPois   .          Reflect  .   (no amulet)
rElec   .          Harm     .   (no ring)
rCorr   .          Rampage  .   (no ring)
Will    .....                   (no ring)
Stlth   ++++++....              (no ring)
HPRegen 0.21/turn               (no ring)
MPRegen 0.11/turn               (no ring)
                                (no ring)
                                (no ring)

@: corroded
A: almost no armour, amphibious, 8 rings, camouflage 1, gelatinous body 1,
(nimble swimmer 1), tentacles
a: Renounce Religion, Curse Item


You were on level 8 of the Dungeon.
You worshipped Ashenzari.
Ashenzari was noncommittal.
You visited 2 branches of the dungeon, and saw 11 of its levels.
You also visited: Ossuary.

You collected 421 gold pieces.

Inventory:

Hand Weapons
 a - a +0 short sword
 t - a +2 dagger of draining (weapon)
 C - a +3 vorpal hand axe
 F - a +1 whip of electrocution
Armour
 x - a +0 buckler
Magical Staves
 i - a staff of earth
 G - a staff of cold
Wands
 f - a wand of digging (3)
Scrolls
 b - a scroll of fog
 c - 2 scrolls of magic mapping
 g - a scroll of butterflies {unknown}
 j - 5 scrolls of enchant weapon {unknown}
 k - a scroll of silence {unknown}
 l - 3 scrolls of blinking {unknown}
 m - 6 scrolls of teleportation {unknown}
 o - 4 scrolls of poison {unknown}
 s - 6 scrolls of identify {unknown}
 v - a scroll of noise {unknown}
 y - 2 scrolls of amnesia {unknown}
 z - 2 scrolls of torment {unknown}
 A - 2 scrolls of brand weapon {unknown}
 E - 6 scrolls of vulnerability {unknown}
 I - a scroll of enchant armour {unknown}
Potions
 d - a potion of magic {unknown}
 e - 4 potions of haste
 h - 6 potions of curing
 n - 3 potions of mutation {unknown}
 p - 2 potions of flight {unknown}
 q - 3 potions of brilliance {unknown}
 r - 4 potions of lignification {unknown}
 u - 2 potions of might {unknown}
 w - a potion of resistance {unknown}
 B - 4 potions of invisibility {unknown}
 D - 2 potions of attraction {unknown}
 H - a potion of heal wounds {unknown}
 J - 2 potions of degeneration {unknown}


   Skills:
 + Level 8.1 Fighting
 - Level 2.0 Short Blades
 + Level 7.7 Dodging
 + Level 12.4 Stealth


You had 8 spell levels left.
You didn't know any spells.
Your spell library contained the following spells:

 Spells                   Type           Power      Damage    Failure   Level
 Foxfire                  Conj/Fire      0%         2x1d4     24%         1
 Poisonous Vapours        Pois/Air       0%         N/A       34%         2
 Call Canine Familiar     Summ           0%         N/A       56%         3
 Conjure Flame            Conj/Fire      0%         6-21      56%         3
 Inner Flame              Hex/Fire       0%         N/A       56%         3
 Portal Projectile        Hex/Tloc       0%         N/A       56%         3
 Corpse Rot               Necr/Pois/Air  0%         N/A       93%         4
 Flame Wave               Conj/Fire      0%         2d4       93%         4
 Leda's Liquefaction      Hex/Erth       0%         N/A       93%         4


Dungeon Overview and Level Annotations

Branches:
Dungeon (10/15)            Temple (1/1) D:5         Ossuary (visited)
   Lair: D:8-11         Orc: D:9-12

Altars:
Ashenzari
Cheibriados
Dithmenos
Elyvilon
Fedhas
Hepliaklqana
Kikubaaqudgha
Makhleb
Qazlal
Ru
Trog
Vehumet
Wu Jian
Xom
Yredelemnul
Zin
The Shining One

Shops:
D:6 *

Annotations:
D:5 Pikel


Innate Abilities, Weirdness & Mutations

You cannot wear most types of armour.
You are amphibious.
You can wear up to eight rings at the same time.
Your skin changes colour to match your surroundings (Stealth+).
Your rubbery body absorbs attacks. (AC +1, EV +1)
((You are camouflaged when in or above water. (Stealth+)))
You have tentacles for arms and can constrict up to eight enemies at once.


Message History

The centaur misses you. The centaur kicks you.
Unknown command.
You barely miss the centaur.
The centaur is severely wounded.
The kobold throws a stone.
The stone hits you but does no damage. The centaur misses you.
The centaur closely misses you.
You barely miss the centaur.
The centaur is severely wounded.
The centaur misses you. The centaur closely misses you. The centaur hits you.
The centaur closely misses you.
You hit the centaur. You drain the centaur.
You kill the centaur!
An acid dragon comes into view.
The acid dragon roars!
You hit the kobold. You drain the kobold.
You kill the kobold!
The acid dragon spits acid at you. The splash of acid hits you!!
The acid corrodes you!
A bullfrog comes into view.
The acid dragon bites you! The acid dragon closely misses you.
You hit the acid dragon but do no damage.
You drain the acid dragon. You squeeze the acid dragon.
The acid dragon is lightly wounded.
The acid dragon closely misses you. The acid dragon claws you.
You hit the acid dragon but do no damage.
You drain the acid dragon. You squeeze the acid dragon!
The acid dragon is heavily wounded.
The bullfrog misses you. The acid dragon barely misses you. x2
You hit the acid dragon but do no damage.
You drain the acid dragon.
The acid dragon is severely wounded.
The bullfrog closely misses you. The acid dragon barely misses you.
The acid dragon claws you. The bullfrog closely misses you.
Unknown command.
You hit the acid dragon.
The acid dragon is severely wounded.
The bullfrog barely misses you. The acid dragon spits acid at you.
The splash of acid hits you!!
You die...

+. ... #... #..
#..##..# #..###
###..##..# ....
#......))# ...
#.......>#
#'###..###..#
##.)##..###..##
#....).......)#
#......@D.....#
#.......F....##
##..######...#
#..# ###...##..
#......#..........
#......#..........
##..######...##...
#### ##### ... ..


You could see an acid dragon (catching breath, very drained) and a bullfrog.

Vanquished Creatures
  A two-headed ogre (D:9)
  2 wraiths (Ossuary)
  A steam dragon (D:7)
  Edmund (D:6)
  A black bear (D:6)
  A centaur (D:8)
  A lemure (D:4)
  2 kobold brigands
  2 bullfrogs (D:6)
  5 scorpions
  2 necrophages
  2 wights (Ossuary)
  3 howler monkeys
  3 orc priests (D:3)
  3 hounds
  4 iguanas
  3 orc wizards
  7 adders
  2 shadow imps
  2 ufetubi
  A worm (D:4)
  A dart slug (D:1)
  23 orcs
  7 ball pythons
  5 endoplasms
  8 goblins
  9 hobgoblins
  17 kobolds
  2 quokkas
  A ball python skeleton (Ossuary)
  3 bats
  5 frilled lizards
  A goblin zombie (D:7)
  2 hobgoblin skeletons (Ossuary)
  A hobgoblin zombie (Ossuary)
  2 kobold zombies (Ossuary)
  2 orc skeletons (Ossuary)
  An orc zombie (Ossuary)
  A quokka zombie (D:7)
  8 rats
148 creatures vanquished.

Vanquished Creatures (others)
  5 plants (D:1)
5 creatures vanquished.

Grand Total: 153 creatures vanquished

Notes
Turn   | Place    | Note
-------+----------+-------------------------------------------
     0 | D:5      | leafyfresh the Octopode Delver began the quest for the Orb.
     0 | D:5      | Reached XP level 1. HP: 16/16 MP: 1/1
    10 | D:4      | Noticed a necrophage
    22 | D:4      | Noticed a howler monkey
    22 | D:4      | Noticed a howler monkey
    28 | D:4      | Killed a howler monkey
    29 | D:4      | Reached skill level 7 in Stealth
    29 | D:4      | Reached XP level 2. HP: 21/21 MP: 2/2
    29 | D:4      | Reached XP level 3. HP: 26/26 MP: 3/3
    33 | D:4      | Reached XP level 4. HP: 33/33 MP: 4/4
    33 | D:4      | Noticed a scorpion
    40 | D:4      | Killed a scorpion
    41 | D:4      | Reached XP level 5. HP: 30/37 MP: 5/5
   116 | D:4      | Reached skill level 8 in Stealth
   211 | D:4      | Reached XP level 6. HP: 37/44 MP: 6/6
   621 | D:4      | Found a white marble altar of Elyvilon.
  1943 | D:3      | Reached skill level 5 in Fighting
  1943 | D:3      | Reached XP level 7. HP: 36/50 MP: 7/7
  2268 | D:3      | Reached skill level 9 in Stealth
  3160 | D:1      | Found a faded altar of an unknown god.
  4256 | D:5      | Reached skill level 5 in Dodging
  4275 | D:5      | Noticed Pikel
  5262 | D:5      | Found a staircase to the Ecumenical Temple.
  5271 | Temple   | Entered the Ecumenical Temple
  5356 | Temple   | Became a worshipper of Ashenzari the Shackled
  6158 | D:6      | Noticed Edmund
  6177 | D:6      | Killed Edmund
  6178 | D:6      | Reached skill level 10 in Stealth
  6178 | D:6      | Reached XP level 8. HP: 28/57 MP: 8/8
  6993 | D:6      | Found a shimmering altar of Xom.
  7061 | D:6      | Found Huthemyf's Overcharged Wands.
  7460 | D:7      | Found a sand-covered staircase.
  7483 | Ossuary  | Entered an ossuary
  7572 | Ossuary  | Noticed a flying skull
  7572 | Ossuary  | Noticed a wraith
  7579 | Ossuary  | Noticed a flying skull
  7585 | Ossuary  | Noticed a flying skull
  7608 | Ossuary  | Noticed a flying skull
  7616 | Ossuary  | Noticed a wraith
  7618 | Ossuary  | Killed a wraith
  7633 | Ossuary  | Reached skill level 11 in Stealth
  7647 | Ossuary  | Noticed a wraith
  7649 | Ossuary  | Killed a wraith
  7650 | Ossuary  | Reached XP level 9. HP: 64/64 MP: 9/9
  8015 | D:7      | You fall into a shaft and drop 2 floors!
  8059 | D:9      | Noticed a two-headed ogre
  8065 | D:9      | Killed a two-headed ogre
  8066 | D:9      | Reached skill level 12 in Stealth
  8081 | D:10     | Entered Level 10 of the Dungeon
  8797 | D:8      | Killed from afar by an acid dragon

Illustrated notes

Levels and vault maps discovered:
D:1:      nzn_arrival_crosshair, layout_basic,
          hellmonk_ecumenical_altar_heavens_door, lexackson_kobold_supper
D:2:      layout_loops_cross
D:3:      layout_rooms, ebering_dispersal_statue_hall, kennysheep_generic_room_8
D:4:      cheibrodos_quashed, layout_cave_pods, elyvilon_altar_5,
          corexii_leaking_fountain
D:5:      layout_rooms, minmay_temple_entry_sparse_star, uniq_pikel
D:6:      layout_basic, mainiacjoe_overflow_surrounded_room,
          nicolae_shop_overcharged_wands, uniq_edmund
D:7:      cheibrodos_steamvent, layout_loops_cross, enter_ossuary_4
D:8:      layout_gridville, chequers_serial_rivers_micro_a,
          serial_nicolae_subway, nicolae_sub_station_crystal,
          nicolae_sub_station_stone, nicolae_sub_station_metal
D:9:      layout_irregular_city, kennysheep_mini_moat, lair_entry_dummy,
          minmay_orc_entry_temple_small, serial_glass, glass_columns_a,
          glass_columns_c, uniq_erica
D:10:     layout_rooms, nemelex_spade_bored_becter, grunt_temple_overflow_open,
          serial_shops, nicolae_square_shop, uniq_josephine
Temple:   lightli_temple_of_artemis

Skill      XL: |  1  2  3  4  5  6  7  8  9 |
---------------+----------------------------+-----
Stealth        | 7 8 10 11 12 | 12.4
Dodging        | 3 4 5 6 7 |  7.7
Fighting       | 4 5 6 7 8 |  8.1
Short Blades   | |  2.0

Action                   |  1- 3 |  4- 6 |  7- 9 || total
-------------------------+-------+-------+-------++-------
Melee: Short sword       |     4 |    87 |    21 ||   112
       Tentacles         |       |    23 |    51 ||    74
       Constrict         |       |    20 |    50 ||    70
       Punch             |       |     3 |     2 ||     5
       Dagger            |       |       |   190 ||   190
       Hand axe          |       |       |    45 ||    45
  Use: Scroll            |       |       |     2 ||     2
 Stab: Sleeping          |     2 |     7 |    40 ||    49
       Distracted        |       |     1 |     1 ||     2
Armor: Skin              |       |     8 |     9 ||    17
Dodge: Dodged            |       |    55 |   160 ||   215
